Construct Infanterie Kompanie
Construct Luftwaffe Kompanie
Selects Luftwaffe Battlegroup
Selects Stuka Strafing Run
Selects Luftwaffe Pioneer Support
Selects LG40 Recoilless Gun Paradrop
Selects Fallschirmjäger Squad Paradrop
Marder III M Tank Destroyer
Construct Panzergrenadier Kompanie
Nebelwerfer 42 Rocket Launcher Team
Nebelwerfer 42 Rocket Launcher Team
Selects Infantry Reserves
Panzergrenadier Officer Quarters
Luftwaffe Officer Quarters